cohdb
Replays
Latest Replays
All Replays
Popular Replays
Top Player Replays
Match Explorer
How It Works
Community
CoH3 Stats
Reddit
Sign in to upload your games and track your stats! →
Sign in with Steam
Match 39714709
Unlisted
Match 39714709
Overview
Messages
Build Orders
End
Construct Infanterie Kompanie
Selects Terror Battlegroup
Kettenkrad Recon Vehicle
MG 42 Machine Gun Team
GrW 34 Mortar Team
Grenadier Squad
Grenadier Squad
Selects Interrogate
Construct Luftwaffe Kompanie
Construct Panzergrenadier Kompanie
Panzergrenadier Squad
Support Elements
StuG III G Assault Gun
Nebelwerfer 42 Rocket Launcher Team
Pioneer Squad
Panzergrenadier Officer Quarters
Selects Propaganda Leaflet Drop
StuG III G Assault Gun
Selects V1 Rocket Strike
StuG III G Assault Gun
Nebelwerfer 42 Rocket Launcher Team
Propaganda Leaflet Drop
StuG III G Assault Gun
Selects Machine Gun Camouflage
Frost233233
Michty Action X
SuurSaadik
Carcano
Kanade
Henry Shi
Devos
Chicken
0
0
Comments
sign in to comment!
No comments posted yet!